 Dungeon Crawl Stone Soup version 0.29.1-1-gd02db6906a (webtiles) character file.

Game seed: 7268654822821128305

14448 tardwrangler69 the Covert (level 11, -9/71 HPs)
             Began as a Deep Elf Earth Elementalist on Oct 4, 2022.
             Was an Elder of Vehumet.
             Mangled by a komodo dragon (27 damage)
             ... on level 1 of the Lair of Beasts.
             The game lasted 00:22:08 (12929 turns).

tardwrangler69 the Covert (DEEE)                   Turns: 12929, Time: 00:22:08

Health: -9/71      AC: 14    Str:  5    XL:     11   Next: 88%
Magic:  12/25      EV: 12    Int: 31    God:    Vehumet [****..]
Gold:   705        SH:  0    Dex: 15    Spells: 20/26 levels left

rFire   . . .      SeeInvis .   K - +12 pair of quick blades "Gyre" and "Gimble" {protect}
rCold   + . .      Faith    .   (shield currently unavailable)
rNeg    . . .      Spirit   .   P - quicksilver dragon scales
rPois   +          Reflect  .   (no helmet)
rElec   .          Harm     .   (no cloak)
rCorr   .          Rampage  .   F - +0 pair of gloves
Will    ++...                   c - +3 pair of mountain boots {steadfast, rC+}
Stlth   ++++......              g - amulet of regeneration
HPRegen 1.01/turn               f - +6 ring of intelligence
MPRegen 0.19/turn               p - ring of poison resistance

@: no status effects
A: no striking features
a: Renounce Religion


You were on level 1 of the Lair of Beasts.
You worshipped Vehumet.
Vehumet was greatly pleased with you.
You visited 2 branches of the dungeon, and saw 13 of its levels.
You also visited: Sewer.

You collected 802 gold pieces.
You spent 97 gold pieces at shops.

Inventory:

Hand Weapons
 B - a +2 vampiric rapier
 K - the +12 pair of quick blades "Gyre" and "Gimble" (weapon) {protect}
   (You found it on level 8 of the Dungeon)

   It grants its wielder temporary protection when it strikes (+7 to AC).
Missiles
 s - a throwing net
Armour
 a - a +0 robe
 c - the +3 pair of mountain boots (worn) {steadfast, rC+}
   (You acquired it on level 6 of the Dungeon)

   It prevents involuntary movement, except for blinking, teleportation, or
   banishment.
   rC:        It protects you from cold.
 F - a +0 pair of gloves (worn)
 L - +0 acid dragon scales
 P - quicksilver dragon scales (worn)
Magical Staves
 N - a staff of earth
Jewellery
 f - a +6 ring of intelligence (left hand)
 g - an amulet of regeneration (around neck)
 p - a ring of poison resistance (right hand)
 u - a ring of wizardry
 w - a ring of ice
 J - a ring of see invisible
Wands
 r - a wand of polymorph (10)
 x - a wand of iceblast (17)
 y - a wand of mindburst (21)
 A - a wand of light (15)
 G - a wand of flame (9)
Scrolls
 d - a scroll of enchant armour
 e - 5 scrolls of teleportation
 k - 4 scrolls of blinking
 m - 2 scrolls of poison
 n - 2 scrolls of fear
 v - 4 scrolls of immolation
 C - a scroll of silence
 H - a scroll of amnesia
Potions
 b - 2 potions of magic
 h - 3 potions of resistance
 i - 10 potions of curing
 j - 4 potions of heal wounds
 l - a potion of berserk rage {unknown}
 o - a potion of cancellation
 q - 3 potions of flight
 t - a potion of mutation {unknown}
 z - 4 potions of brilliance
 D - a potion of invisibility {unknown}
 E - 2 potions of lignification
 I - a potion of attraction {unknown}


   Skills:
 + Level 9.5 Fighting
 + Level 3.4 Short Blades
 - Level 11.2 Dodging
 - Level 11.2 Stealth
 - Level 8.0 Spellcasting
 - Level 6.0 Conjurations
 - Level 1.1 Transmutations
 - Level 6.0 Earth Magic


You had 20 spell levels left.
You knew the following spells:

 Your Spells              Type           Power      Damage    Failure   Level
a - Sandblast             Erth           98%        2d20      1%          1
b - Passwall              Tmut/Erth      28%        N/A       7%          2
c - Stone Arrow           Conj/Erth      98%        3d13      1%          3

Your spell library contained the following spells:

 Spells                   Type           Power      Damage    Failure   Level
 Iskenderun's Mystic Bla  Conj/Tloc      31%        2d8       16%         4
 Apportation              Tloc           24%        N/A       19%         1
 Necrotise                Necr           48%        1d6       19%         1
 Fireball                 Conj/Fire      15%        3d8       36%         5
 Petrify                  Tmut/Erth      34%        N/A       41%         4
 Gell's Gravitas          Tloc           12%        N/A       50%         3
 Teleport Other           Tloc           12%        N/A       50%         3
 Animate Armour           Summ/Erth      62%        N/A       50%         4
 Iron Shot                Conj/Erth      24%        9d5       50%         6
 Starburst                Conj/Fire      15%        6d6       88%         6
 Blade Hands              Tmut           9%         N/A       98%         5
 Alistair's Intoxication  Tmut/Pois      10%        N/A       99%         5
 Dispersal                Tloc           6%         N/A       100%        6
 Ignition                 Fire           6%         3d4       100%        8
 Lehudib's Crystal Spear  Conj/Erth      24%        10d7      100%        8


Dungeon Overview and Level Annotations

Branches:
Dungeon (12/15)            Temple (0/1) D:7            Lair (1/5) D:8
    Orc (0/2) D:9           Sewer (visited)

Altars:
Cheibriados
Dithmenos
Elyvilon
Hepliaklqana
Kikubaaqudgha
Makhleb
Nemelex Xobeh
Okawaru
Ru
Sif Muna
Trog
Vehumet
Wu Jian
Zin
The Shining One

Shops:
D:5 (?

Annotations:
D:5 1 runed translucent door, lambentLogic's ghost, novice KoEn
D:10 exclusion: 4 doors
Lair:1 Harold


Message History

The komodo dragon attacks as you move away!
The komodo dragon barely misses you. The blink frog hits you!
The blink frog blinks!
The blink frog blinks!
The blink frog blinks!
The blink frog hits you! The blink frog misses you.
The blink frog hits you but does no damage.
The blink frog attacks as you move away!
The blink frog hits you but does no damage.
The blink frog attacks as you move away!
The blink frog hits you!
The blink frog attacks as you move away!
The blink frog hits you. The blink frog closely misses you.
Casting: Stone Arrow (safe; 1% risk of failure)
Confirm with . or Enter, or press ? or * to list all spells.
Aiming: Stone Arrow (safe; 1% risk of failure)
Press: ? - help, Shift-Dir - straight line, f - blink frog
Aim: a blink frog (57% to hit)
The stone arrow misses the blink frog.
The blink frog barely misses you.
The blink frog hits you but does no damage.
Casting: Stone Arrow (safe; 1% risk of failure)
Confirm with . or Enter, or press ? or * to list all spells.
Aiming: Stone Arrow (safe; 1% risk of failure)
Press: ? - help, Shift-Dir - straight line, f/p - blink frog
Aim: a blink frog (57% to hit)
The stone arrow hits the blink frog!!
The blink frog is heavily wounded.
The blink frog hits you!
* * * LOW HITPOINT WARNING * * *
The blink frog blinks!
Casting: Stone Arrow (safe; 1% risk of failure)
Confirm with . or Enter, or press ? or * to list all spells.
Aiming: Stone Arrow (safe; 1% risk of failure)
Press: ? - help, Shift-Dir - straight line, f/p - blink frog
Aim: a blink frog (heavily wounded, 57% to hit)
The stone arrow hits the blink frog!!
You kill the blink frog!
Vehumet accepts your kill.
You feel your power returning. The komodo dragon bites you!!
You die...

....#..........# ##....
...###........## ###....#
....###.......# #......#
.......#......# ##..§.##
.........##..## #....##
.........##### #....#
#..........##### ##....###
...............### #........
............†...@### ##........
...........)...#l§.#####.........
.............####.#...##.........
............## #####............
..........### ####........#
#.........# ##...#.###
#.......### ###...## ##....#.#
##...# #...#### #.#..#


You could see a komodo dragon.

Vanquished Creatures
  A centaur warrior (D:11)
  2 two-headed ogres (D:8)
  A deep elf pyromancer (D:9)
  A manticore (D:11)
  A cyclops (D:6)
  A gargoyle (D:11)
  A cane toad (Lair:1)
  Psyche (D:9)
  2 hornets
  2 trolls
  7 blink frogs (Lair:1)
  A spriggan (D:8)
  A wraith (D:10)
  12 yaks
  7 vampire mosquitoes (D:11)
  An acid dragon (D:9)
  5 water moccasins
  7 orc warriors
  An ice beast (D:5)
  A sky beast (D:7)
  4 black bears
  3 centaurs
  2 ogres (D:7)
  7 kobold brigands
  A phantom (D:6)
  7 bullfrogs
  2 gnoll sergeants (D:5)
  3 scorpions
  2 wights (D:8)
  3 killer bees (D:11)
  4 howler monkeys
  2 gnoll boudas (D:9)
  3 hounds (D:6)
  5 orc priests
  3 jellies
  2 iguanas
  19 orc wizards
  20 gnolls
  A river rat (Sewer)
  7 adders
  A shadow imp (D:5)
  A white imp (D:4)
  3 worms
  4 dart slugs
  49 orcs
  4 endoplasms (D:1)
  7 giant cockroaches
  9 goblins
  9 hobgoblins
  5 jackals
  7 quokkas
  4 ball pythons
  3 bats
  4 frilled lizards
  28 kobolds
  13 rats
307 creatures vanquished.

Vanquished Creatures (collateral kills)
  2 yaks (D:7)
  A black bear (D:8)
  A wight (D:8)
  A scorpion (D:5)
  2 goblins (D:1)
  7 kobolds
  A rat (D:1)
15 creatures vanquished.

Vanquished Creatures (others)
  A wight (D:8)
  4 gnolls (D:5)
  An adder (D:6)
  44 fungi
  45 plants
95 creatures vanquished.

Grand Total: 417 creatures vanquished

Notes
Turn   | Place    | Note
-------+----------+-------------------------------------------
     0 | D:1      | tardwrangler69 the Deep Elf Earth Elementalist began the
                  | quest for the Orb.
     0 | D:1      | Reached XP level 1. HP: 10/10 MP: 6/6
   139 | D:1      | Reached XP level 2. HP: 15/15 MP: 6/8
   405 | D:1      | Reached XP level 3. HP: 19/19 MP: 4/10
   730 | D:1      | Found a faded altar of an unknown god.
  1488 | D:2      | Reached XP level 4. HP: 24/24 MP: 10/12
  1752 | D:3      | Found a glowing drain.
  1784 | Sewer    | Entered a sewer
  1868 | Sewer    | Noticed a kobold brigand
  1877 | Sewer    | Reached skill level 5 in Spellcasting
  1881 | Sewer    | Killed a kobold brigand
  1882 | Sewer    | Reached skill level 5 in Earth Magic
  1882 | Sewer    | Reached XP level 5. HP: 28/28 MP: 10/15
  1912 | Sewer    | Learned a level 2 spell: Passwall
  1916 | Sewer    | Learned a level 3 spell: Stone Arrow
  1948 | Sewer    | Found a white marble altar of Elyvilon.
  2363 | D:3      | Found a burning altar of Makhleb.
  2390 | D:3      | Found a bloodstained altar of Trog.
  2855 | D:4      | Reached XP level 6. HP: 32/32 MP: 13/17
  3096 | D:4      | Found a glowing golden altar of the Shining One.
  3099 | D:4      | Found a sparkling altar of Nemelex Xobeh.
  3430 | D:5      | Entered Level 5 of the Dungeon
  3430 | D:5      | Found Mehost's Magic Scroll Emporium.
  3433 | D:5      | Bought a scroll of blinking for 97 gold pieces
  3462 | D:5      | Found a glowing silver altar of Zin.
  3492 | D:5      | Noticed an ice beast
  3498 | D:5      | Killed an ice beast
  3554 | D:5      | Found Gotseoh's Weapon Shoppe.
  3622 | D:5      | Reached skill level 1 in Conjurations
  3622 | D:5      | Reached XP level 7. HP: 26/36 MP: 2/20
  3907 | D:5      | Found a runed translucent door.
  3907 | D:5      | Noticed lambentLogic's ghost (novice KoEn)
  4085 | D:5      | Reached skill level 5 in Conjurations
  4510 | D:6      | Reached XP level 8. HP: 41/41 MP: 15/22
  4565 | D:6      | Reached skill level 1 in Fighting
  5087 | D:6      | Noticed a cyclops
  5370 | D:6      | Killed a cyclops
  5371 | D:6      | Reached skill level 5 in Dodging
  5371 | D:6      | Reached skill level 5 in Stealth
  5635 | D:6      | Found a radiant altar of Vehumet.
  5641 | D:6      | Became a worshipper of Vehumet
  5674 | D:6      | Found an ancient bone altar of Kikubaaqudgha.
  5676 | D:6      | Reached XP level 9. HP: 51/51 MP: 19/23
  5718 | D:6      | Got Kikubaaqudgha's Secrets of Shadows
  5724 | D:6      | Found a shimmering blue altar of Sif Muna.
  5762 | D:6      | Identified a scroll of acquirement
  5765 | D:6      | Acquired the +3 pair of mountain boots {steadfast, rC+}
  5765 | D:6      | Found the +3 pair of mountain boots {steadfast, rC+}
  6185 | D:7      | Found an ornate altar of the Wu Jian Council.
  6280 | D:7      | Found a staircase to the Ecumenical Temple.
  6399 | D:7      | Found a hazy altar of Hepliaklqana.
  6402 | D:7      | Found a white marble altar of Elyvilon.
  6404 | D:7      | Found a sacrificial altar of Ru.
  6675 | D:7      | Reached skill level 5 in Fighting
  6988 | D:8      | Found an iron altar of Okawaru.
  7000 | D:8      | Found a shadowy altar of Dithmenos.
  7033 | D:8      | Reached XP level 10. HP: 26/59 MP: 16/24
  7046 | D:8      | Found a staircase to the Lair.
  7050 | Lair:1   | Entered Level 1 of the Lair of Beasts
  7050 | Lair:1   | Noticed a cane toad
  7055 | Lair:1   | Killed a cane toad
  7544 | D:8      | Reached * piety under Vehumet
  7544 | D:8      | Offered knowledge of Freeze by Vehumet.
  8125 | D:8      | Noticed a two-headed ogre
  8125 | D:8      | Noticed a two-headed ogre
  8140 | D:8      | Killed a two-headed ogre
  8141 | D:8      | Reached skill level 10 in Stealth
  8220 | D:8      | Killed a two-headed ogre
  8258 | D:8      | Found the +12 pair of quick blades "Gyre" and "Gimble"
                  | {protect}
  8875 | D:9      | Noticed Psyche
  9290 | D:9      | Reached skill level 10 in Dodging
  9297 | D:9      | Reached ** piety under Vehumet
  9298 | D:9      | Offered knowledge of Searing Ray by Vehumet.
  9438 | D:9      | Found a staircase to the Orcish Mines.
  9777 | D:9      | Found a snail-covered altar of Cheibriados.
  9807 | D:9      | Offered knowledge of Conjure Flame by Vehumet.
  9814 | D:9      | Reached XP level 11. HP: 66/66 MP: 23/25
  9820 | D:9      | Noticed a deep elf pyromancer
  9826 | D:9      | Killed a deep elf pyromancer
 10004 | D:9      | Reached *** piety under Vehumet
 10294 | D:9      | Killed Psyche
 10375 | D:10     | Entered Level 10 of the Dungeon
 11122 | D:11     | Noticed a centaur warrior
 11411 | D:11     | Killed a centaur warrior
 11512 | D:11     | Offered knowledge of Iskenderun's Mystic Blast by Vehumet.
 12416 | D:12     | Reached skill level 1 in Short Blades
 12427 | D:12     | Reached **** piety under Vehumet
 12429 | D:12     | Noticed a five-headed hydra
 12698 | Lair:1   | Identified the +8 whip of Annoyance {venom, rN+}
 12887 | Lair:1   | Noticed Harold
 12929 | Lair:1   | Mangled by a komodo dragon

Illustrated notes

Levels and vault maps discovered:
D:1:      minmay_arrival_nine_rooms, layout_rooms,
          dreamdust_ecumenical_altar_grove
D:2:      layout_basic, minmay_misc_feat_doors
D:3:      layout_loops_ring, mainiacjoe_overflow_tiny_flanked, bloody_makhleb,
          gup_sewer_entry_bowl, minmay_crystal_water
D:4:      layout_basic, nicolae_overflow_squiral
D:5:      layout_basic, nicolae_overflow_hidden_temple, gammafunk_ghost_grave,
          serial_shops, shop, nicolae_stop_n_shop_2
D:6:      layout_basic, palyth_temple_overflow_mages
D:7:      layout_gridville, pdpol_wu_jian_five_deadly_venoms,
          grunt_temple_overflow_diamond, minmay_temple_entry_hall
D:8:      layout_basic, grunt_dithmenos_smoke_and_mirrors,
          okawaru_metal_pillars_1_2, due_lair_maze_entry_diamond,
          hellmonk_guarded_unrand_gyre_and_gimble
D:9:      layout_roguey, cheibriados_altar_1, hiddenorc2_lemuel,
          serial_co_window_serial, co_window_of_opportunity_a,
          co_window_paths_b, co_window_paths_a, co_window_cross_1,
          co_window_corner_a, co_window_paths_b, co_window_paths_a,
          co_window_corner_ca, co_window_2corner, co_window_2corner,
          co_window_of_opportunity_c, co_window_broadway_c, glass_columns_c,
          glass_columns_a, glass_columns_b, hangedman_decor_riveting,
          uniq_psyche
D:10:     layout_irregular_city
D:11:     layout_loops_cross, grunt_ministairs_5
D:12:     layout_cave_pods
Lair:1:   layout_cave_pods, uniq_harold

Skill      XL: |  1  2  3  4  5  6  7  8  9 10 11 |
---------------+----------------------------------+-----
Earth Magic    | 4 5 6 |  6.0
Spellcasting   | 4 5 6 8 |  8.0
Conjurations   | 1 6 |  6.0
Fighting       | 3 5 6 9 |  9.5
Dodging        | 5 8 10 11 | 11.2
Stealth        | 5 8 11 | 11.2
Short Blades   | 3 |  3.4
Transmutations | |  1.1

Action                   |  1- 3 |  4- 6 |  7- 9 | 10-12 || total
-------------------------+-------+-------+-------+-------++-------
Melee: Rapier            |       |       |     1 |       ||     1
       Pair of quick bla |       |       |       |   100 ||   100
 Cast: Sandblast         |    53 |    65 |    28 |    30 ||   176
       Stone Arrow       |       |    10 |    76 |   180 ||   266
Evoke: Wand              |       |       |       |     4 ||     4
  Use: Scroll            |       |     7 |     7 |    10 ||    24
       Potion            |       |       |       |     2 ||     2
 Stab: Sleeping          |       |       |       |     2 ||     2
Armor: Robe              |     1 |     3 |     9 |    32 ||    45
       Quicksilver drago |       |       |       |    22 ||    22
Dodge: Dodged            |     5 |    16 |    26 |   135 ||   182
